AoeStats
← karimolmedo

Arabia

509509428Analyzed
1v1 RM · 5d ago on Sep 27, 2026· 58m 55s· 2 players
Game mode
Random Map
Map size
Tiny (2 player)
Population
200
Speed
Normal
Resources
Standard
Victory
Conquest
Starting age
Dark Age
Ending age
Imperial Age
RankedLock teamsTeams togetherTeam positionsShared explorationLock speedFull tech treeHidden civsTurbo modeCheats
Victory
Defeat
🇺🇸 Burmese · United States
855
+18
🇦🇷 Japanese · Argentina
891
-18
jlplaysstuff
2:45 Loom
12:01 Feudal Age
12:28 Man-at-Arms
12:54 Arson
13:04 Horse Collar
14:21 Wheelbarrow
15:49 Forging
19:52 Scale Mail Armor
26:21 Castle Age
27:06 Squires
27:56 Iron Casting
27:53 Hand Cart
29:09 Gambesons
29:12 Long Swordsman
30:22 Heavy Plow
44:52 Gold Mining
46:43 Chain Mail Armor
47:15 Gold Shaft Mining
52:34 Imperial Age
51:22 Town Watch
54:15 Blast Furnace
52:37 Two-Handed Swordsman
53:41 Conscription
54:09 Plate Mail Armor
54:13 Crop Rotation
53:30 Champion
karimolmedo
11:10 Feudal Age
10:30 Loom
15:51 Castle Age
14:00 Town Watch
14:03 Double-Bit Axe
14:04 Horse Collar
20:55 Fletching
25:38 Scale Mail Armor
29:27 Forging
30:44 Wheelbarrow
34:34 Murder Holes
43:21 Town Patrol
46:56 Hand Cart
47:23 Heavy Plow
48:42 Bodkin Arrow
50:14 Crossbowman
51:02 Thumb Ring
51:11 Thumb Ring
51:18 Scale Barding Armor
51:15 Padded Archer Armor
51:36 Bow Saw
54:20 Imperial Age
57:30 Ballistics
58:10 Chemistry
Connection lost

Rejoining the realm…

Still unreachable

The connection could not be restored.

Session expired

The server has moved on; the page needs a fresh start.